AoeStats
← CORP_Arthas VII

Arena

509028200Analyzed
4v4 RM · 9d ago on Sep 25, 2026· 30m 25s· 8 players
Game mode
Random Map
Map size
Large (8 player)
Population
200
Speed
Normal
Resources
Standard
Victory
Conquest
Starting age
Dark Age
Ending age
Imperial Age
RankedLock teamsTeams togetherTeam positionsShared explorationLock speedFull tech treeHidden civsTurbo modeCheats
Victory
Defeat
🇸🇻 Cumans · El Salvador
1628
+11
1514
+16
🇦🇷 Bohemians · Argentina
1419
+20
🇦🇷 Persians · Argentina
1398
+21
🇲🇽 Saxons · Mexico
1602
-21
🇧🇷 Italians · Brazil
1519
-17
🇦🇷 Magyars · Argentina
1487
-16
🇲🇽 Ethiopians · Mexico
1434
-14
Seifer
8:29 Feudal Age
8:56 Double-Bit Axe
14:22 Castle Age
12:33 Horse Collar
14:03 Stone Mining
15:37 Bow Saw
18:37 Wheelbarrow
17:59 Loom
22:40 Scale Mail Armor
24:01 Heavy Plow
26:41 Chain Mail Armor
26:37 Forging
26:39 Gold Mining
27:08 Hand Cart
29:01 Iron Casting
28:14 Town Watch
30:11 Royal Heirs
PocaChota
11:17 Feudal Age
14:59 Castle Age
13:29 Double-Bit Axe
15:20 Horse Collar
16:09 Bow Saw
16:00 Heavy Plow
20:48 Loom
21:39 Wheelbarrow
CoterLee
7:59 Loom
9:45 Feudal Age
10:02 Loom
13:33 Castle Age
12:00 Gold Mining
13:44 Double-Bit Axe
22:57 Redemption
28:56 Bow Saw
28:54 Horse Collar
30:15 Town Watch
Aron
10:46 Feudal Age
15:25 Castle Age
13:38 Double-Bit Axe
13:36 Horse Collar
20:16 Castle Age
28:16 Fletching
30:23 Bow Saw
AxD | Kurumi 002
6:17 Loom
8:58 Feudal Age
10:27 Double-Bit Axe
15:41 Horse Collar
16:40 Wheelbarrow
24:20 Castle Age
23:03 Scale Barding Armor
26:57 Bow Saw
26:49 Heavy Plow
29:56 Gold Mining
AxD | Keiokenkun-Uno-Puro
4:21 Double-Bit Axe
4:36 Loom
5:43 Loom
9:04 Feudal Age
12:29 Scale Mail Armor
16:04 Horse Collar
16:44 Bow Saw
21:01 Castle Age
21:59 Chain Mail Armor
23:00 Two-Man Saw
22:15 Squires
22:52 Forging
23:35 Wheelbarrow
26:38 Arson
29:08 Town Watch
30:38 Gold Mining
CORP_PysKo InKa-RreaBle
10:25 Feudal Age
12:33 Loom
15:07 Castle Age
13:31 Town Watch
13:39 Double-Bit Axe
16:24 Bow Saw
16:56 Fervor
19:25 Sanctity
25:51 Horse Collar
27:09 Wheelbarrow
26:45 Man-at-Arms
27:28 Squires
27:37 Long Swordsman
28:18 Long Swordsman
28:59 Scale Mail Armor
29:10 Forging
29:45 Long Swordsman
CORP_Arthas VII
9:45 Feudal Age
13:32 Castle Age
14:00 Double-Bit Axe
19:15 Horse Collar
19:45 Town Watch
21:08 Bow Saw
23:07 Forging
23:35 Heavy Plow
24:57 Wheelbarrow
24:26 Town Patrol
24:17 Loom
24:45 Bloodlines
23:56 Light Cavalry
24:36 Husbandry
26:03 Hand Cart
26:38 Iron Casting
26:09 Scale Barding Armor
27:46 Gold Mining
27:47 Stone Mining
31:04 Gold Shaft Mining
31:04 Stone Shaft Mining
Connection lost

Rejoining the realm…

Still unreachable

The connection could not be restored.

Session expired

The server has moved on; the page needs a fresh start.